 Dungeon Crawl Stone Soup version 0.27.1-3-gb3d3a73c9e (webtiles) character file.

Game seed: 17768640607787960461

263389 VictoriousLee the Fencer (level 19, -12/157 HPs)
             Began as a Demonspawn Abyssal Knight on Oct 11, 2021.
             Was a High Priest of Lugonu.
             Mangled by a deep troll (14 damage)
             ... led by an ironbound preserver
             ... on level 1 of the Vaults on Oct 15, 2021.
             The game lasted 06:22:26 (56640 turns).

VictoriousLee the Fencer (DsAK)                    Turns: 56640, Time: 06:22:27

Health: -12/157    AC: 26    Str: 20    XL:     19   Next: 25%
Magic:  0/33       EV:  9    Int: 15    God:    Lugonu [*****.]
Gold:   3887       SH: 18    Dex: 16    Spells: 34/38 levels left

rFire    + + .     SeeInvis .   z - +6 double sword (flame)
rCold    + . .     Faith    .   O - +0 kite shield
rNeg     . . .     Spirit   +   G - +4 fire dragon scales
rPois    +         Reflect  +   (helmet restricted)
rElec    .         Harm     +   g - +2 cloak
rCorr    .         Rampage  +   (gloves unavailable)
Will     ++...                  a - +2 pair of boots {rampage}
Stlth    ..........             m - amulet "Qijysyo" {Reflect Harm Dex+2 SH+5 Stlth-}
HPRegen  0.36/turn              L - ring of protection from cold
MPRegen  0.46/turn              i - ring of protection from cold

@: on berserk cooldown, slowed, studying Throwing, very slow
A: claws 3, slimy green scales 3, demonic guardian 1, magic shield, magic
regeneration, magic link, horns 1, agile 1, strong-willed 1
}: 2/15 runes: decaying, serpentine
a: Renounce Religion, Depart the Abyss, Bend Space, Banish, Corrupt, Enter the
Abyss


You were on level 1 of the Vaults.
You worshipped Lugonu.
Lugonu was extremely pleased with you.
You visited 8 branches of the dungeon, and saw 34 of its levels.
You visited the Abyss 1 time.
You also visited: Ossuary.

You collected 5923 gold pieces.
You spent 2036 gold pieces at shops.

Inventory:

Hand Weapons
 b - the +8 long sword of Blood {freeze, Contam rF+ rC+ Stlth+}
   (You found it on level 6 of the Dungeon)

   It freezes those it strikes, dealing additional cold damage.
   It can also slow down cold-blooded creatures.
   rF:        It protects you from fire.
   rC:        It protects you from cold.
   Contam:    It causes magical contamination when unequipped.
   Stlth:     It makes you more stealthy.
 e - the +9 falchion of the Unseen Realm {vorpal, *Noise rCorr Int+4 Dex+3}
   (You found it on level 4 of the Dungeon)

   It inflicts extra damage upon your enemies.
   Int:       It affects your intelligence (+4).
   Dex:       It affects your dexterity (+3).
   *Noise:    It may make noises in combat.
   rCorr:     It protects you from acid and corrosion.
 z - a +6 double sword of flaming (weapon)
 X - a +3 scimitar of flaming
Missiles
 r - 5 throwing nets
 C - 2 curare-tipped darts
 S - 18 atropa-tipped darts
Armour
 a - a +2 pair of boots of rampaging (worn)
 g - a +2 cloak (worn)
 s - the +3 buckler of Pragmatism {Harm Drain rElec rN+}
   (You acquired it on level 7 of the Dungeon)

   rElec:     It insulates you from electricity.
   rN:        It protects you from negative energy.
   Drain:     It drains your maximum health when unequipped.
   Harm:      It increases damage dealt and taken.
 G - +4 fire dragon scales (worn)
 K - the +8 chain mail of the Lotus Blossom {Harm Will++ Stlth-}
   (You found it on level 6 of the Lair of Beasts)

   Harm:      It increases damage dealt and taken.
   Will:      It greatly increases your willpower.
   Stlth:     It makes you less stealthy.
 O - a +0 kite shield (worn)
Jewellery
 i - a ring of protection from cold (right claw)
 m - the amulet "Qijysyo" (around neck) {Reflect Harm Dex+2 SH+5 Stlth-}
   (You bought it in a shop on level 2 of the Orcish Mines)

   [amulet of reflection]

   It reflects blocked missile attacks.
   Dex:       It affects your dexterity (+2).
   SH:        It affects your SH (+5).
   Harm:      It increases damage dealt and taken.
   Stlth:     It makes you less stealthy.
 y - a ring of positive energy
 L - a ring of protection from cold (left claw)
 M - a ring of protection from fire
 R - a ring of willpower
 T - a ring of flight
Wands
 f - a wand of iceblast (25)
 x - a wand of acid (14)
 A - a wand of charming (19)
 E - a wand of polymorph (19)
 H - a wand of digging (16)
 J - a wand of paralysis (13)
 Z - a wand of flame (81)
Scrolls
 d - 12 scrolls of teleportation
 j - 4 scrolls of amnesia
 p - 6 scrolls of immolation
 t - 5 scrolls of magic mapping
 v - 8 scrolls of enchant weapon
 F - a scroll of fog
 P - 2 scrolls of silence
 V - 2 scrolls of torment
 W - 16 scrolls of identify
Potions
 c - 5 potions of curing
 h - 2 potions of resistance
 k - a potion of magic
 l - a potion of haste
 n - 10 potions of attraction
 o - 4 potions of flight
 q - 8 potions of mutation
 u - 5 potions of cancellation
 Y - a potion of lignification
Miscellaneous
 B - a phantom mirror
 D - a lightning rod (4/4)


   Skills:
 - Level 16.0 Fighting
 - Level 16.0 Long Blades
 - Level 10.0 Armour
 - Level 0.8 Dodging
 - Level 12.0 Shields
 - Level 10.0 Spellcasting
 + Level 7.6 Conjurations
 + Level 7.5 Summonings
 - Level 2.0 Necromancy
 - Level 7.0 Transmutations
 - Level 2.4 Fire Magic
 - Level 3.3 Air Magic
 - Level 12.0 Invocations
 - Level 8.0 Evocations


You had 34 spell levels left.
You knew the following spells:

 Your Spells              Type           Power      Damage    Failure   Level
a - Animate Skeleton      Necr           26%        N/A       19%         1
b - Shock                 Conj/Air       96%        1d9       4%          1
p - Passwall              Tmut/Erth      15%        N/A       14%         2

Your spell library contained the following spells:

 Spells                   Type           Power      Damage    Failure   Level
 Summon Small Mammal      Summ           100%       N/A       1%          1
 Wereblood                Tmut           28%        N/A       3%          2
 Call Canine Familiar     Summ           30%        N/A       5%          3
 Sting                    Tmut/Pois      72%        1d6       10%         1
 Conjure Flame            Conj/Fire      22%        6-21      16%         3
 Corpse Rot               Necr/Air       N/A        N/A       22%         2
 Sublimation of Blood     Necr           6%         N/A       26%         2
 Summon Guardian Golem    Hex/Summ       18%        N/A       26%         3
 Mephitic Cloud           Conj/Pois/Air  18%        N/A       28%         3
 Poisonous Vapours        Pois/Air       24%        N/A       32%         2
 Swiftness                Air            17%        N/A       32%         3
 Ignite Poison            Fire/Tmut/Pois 16%        N/A       34%         3
 Apportation              Tloc           14%        N/A       38%         1
 Corona                   Hex            7%         N/A       38%         1
 Sticky Flame             Conj/Fire      22%        2d4       45%         4
 Irradiate                Conj/Tmut      14%        3d18      50%         5
 Blade Hands              Tmut           14%        N/A       54%         5
 Summon Ice Beast         Ice/Summ       18%        N/A       65%         4
 Petrify                  Tmut/Erth      18%        N/A       67%         4
 Airstrike                Air            8%         N/A       71%         4
 Gell's Gravitas          Tloc           3%         N/A       77%         3
 Lesser Beckoning         Tloc           3%         N/A       77%         3
 Teleport Other           Tloc           7%         N/A       77%         3
 Fireball                 Conj/Fire      11%        3d7       82%         5
 Dispel Undead            Necr           13%        3d9       87%         4
 Summon Forest            Summ/Tloc      9%         N/A       94%         5
 Summon Mana Viper        Hex/Summ       18%        N/A       94%         5
 Alistair's Intoxication  Tmut/Pois      12%        N/A       95%         5
 Bolt of Magma            Conj/Fire/Erth 8%         4d6       96%         5
 Shadow Creatures         Summ           N/A        N/A       96%         6
 Olgreb's Toxic Radiance  Pois           7%         N/A       99%         4
 Borgnjor's Vile Clutch   Necr/Erth      5%         N/A       100%        5
 Death Channel            Necr           6%         N/A       100%        6
 Dispersal                Tloc           3%         N/A       100%        6
 Eringya's Noxious Bog    Tmut/Pois      9%         N/A       100%        6
 Invisibility             Hex            3%         N/A       100%        6
 Starburst                Conj/Fire      11%        6d5       100%        6
 Dragon Form              Tmut           14%        N/A       100%        7
 Monstrous Menagerie      Summ           15%        N/A       100%        7
 Summon Hydra             Summ           15%        N/A       100%        7
 Ignition                 Fire           7%         3d4       100%        8


Dungeon Overview and Level Annotations

Branches:
Dungeon (15/15)            Temple (1/1) D:7            Lair (6/6) D:8
  Swamp (4/4) Lair:3        Snake (4/4) Lair:3        Slime (0/5) Lair:5
    Orc (2/2) D:11            Elf (1/3) Orc:2        Vaults (1/5) D:14
 Depths (0/5) D:15        Ossuary (visited)

Altars:
Ashenzari
Cheibriados
Dithmenos
Elyvilon
Fedhas
Gozag
Hepliaklqana
Kikubaaqudgha
Makhleb
Nemelex Xobeh
Okawaru
Qazlal
Ru
Sif Muna
Trog
Uskayaw
Vehumet
Wu Jian
Xom
Yredelemnul
Zin
The Shining One
Beogh
Jiyva

Shops:
D:5 *[   Orc:2 [*(=   Elf:1 [   Snake:1 [   Snake:2 =!:[   Snake:4 *=::

Annotations:
D:7 corrupted
D:8 corrupted
D:9 corrupted
D:12 corrupted, 3 runed translucent doors, Naggiasi's ghost, journeyman KoBr
D:14 1 runed translucent door
Temple corrupted
Swamp:2 exclusion: 3 doors
Swamp:4 corrupted
Elf:1 corrupted
Vaults:1 corrupted


Innate Abilities, Weirdness & Mutations

You have claws for hands.
You are completely covered in slimy green scales. (AC +4, rPois)
A weak demonic guardian rushes to your aid.
When hurt, damage is shared between your health and your magic reserves.
You regenerate magic rapidly.
When low on magic, you restore magic in place of health.
You have a pair of small horns on your head.
You are agile. (Dex +2)
You are strong-willed. (Will+)


Message History

Aim: a yaktaur, wielding a +0 arbalest and quivering bolts (chance to affect: 76%)
The yaktaur is devoured by a tear in reality.
Lugonu claims a new guest.
The yaktaur shoots a bolt.
You reflect the bolt off an invisible shield around you!
The bolt hits the yaktaur!!
Your hellwing swoops through the air toward the yaktaur!
Your hellwing barely misses the yaktaur.
Your hellwing hits the yaktaur.
The yaktaur unwields a +0 arbalest.
The yaktaur closely misses your hellwing.
Your hellwing hits the yaktaur. x2; The deep troll moves out of view.
You don't have enough magic at the moment.
The yaktaur hits your hellwing but does no damage.
Your hellwing hits the yaktaur!
The yaktaur dies!
Lugonu accepts your kill.
Unknown command.
Okay, then.
The deep troll completely misses you. The deep troll claws you!
* * * LOW HITPOINT WARNING * * *
You block the deep troll's attack.
Okay, then.
Okay, then.
Okay, then.
Okay, then.
Aiming: Paralyse
Press: ? - help, Shift-Dir - straight line, f - deep troll
Aim: a deep troll (ally target, chance to affect: 51%)
Okay, then.
Okay, then.
Okay, then.
Aiming: Corrosive Bolt
Press: ? - help, Shift-Dir - straight line, f - deep troll
Aim: a deep troll (ally target, 74% to hit)
The bolt of acid hits the deep troll!
The deep troll is splashed with acid!
The deep troll is heavily wounded.
The deep troll bites you but does no damage.
The deep troll claws you but does no damage.
The deep troll claws you!
You die...

.. ##########
###..
..+......#...'..
#......#...#
#....§.)...#
#....)§#)..#
#)...T4)...#
#....@.#####
#......#
#......#
#......#
###+########
#..)......#
#.........#
#.........#
#.........#


You could see a deep troll (ally target) and a friendly hellwing (summoned).

Vanquished Creatures
  Bai Suzhen (Snake:3)
  Nikola (Swamp:2)
  2 thorn hunters
  A sphinx (Vaults:1)
  The ghost of Kits the Bludgeoner, an adept MiFi of the Shining One (Snake:4)
  7 nagarajas
  Agnes (Snake:1)
  Aizul (Snake:1)
  A deep elf sorcerer (Elf:1)
  Louise (Snake:1)
  2 vault wardens (Vaults:1)
  3 ironbound preservers (Vaults:1)
  2 very ugly things (Swamp:4)
  A stone giant (D:15)
  A deep elf demonologist (Elf:1)
  A dire elephant (Vaults:1)
  An entropy weaver (Vaults:1)
  2 bunyips (Swamp:3)
  3 eleionomae
  A crystal guardian (Vaults:1)
  A fire dragon (Lair:6)
  2 green deaths (Swamp:4)
  A great orb of eyes (Vaults:1)
  2 deep elf high priests (Vaults:1)
  13 naga warriors
  3 hydras
  3 yaktaur captains (D:14)
  11 anacondas
  A ghost crab (Swamp:2)
  A hell beast (Swamp:4)
  3 salamander tyrants
  2 ogre magi (Orc:2)
  An ironbound frostheart (Vaults:1)
  A death knight (D:14)
  17 centaur warriors
  A catoblepas (Lair:6)
  A dancing weapon (Elf:1)
  6 alligators
  A death yak (Lair:3)
  3 tengu warriors
  14 two-headed ogres
  4 deep elf knights (Elf:1)
  6 naga sharpshooters
  Sonja (Lair:2)
  2 thrashing horrors (Swamp:4)
  5 shock serpents
  A spriggan berserker (Swamp:3)
  3 salamander mystics
  A bunyip zombie (Swamp:2)
  5 deep trolls
  8 skeletal warriors
  A glowing orange brain (shapeshifter) (D:14)
  4 goliath frogs
  2 spriggan druids
  7 bog bodies
  7 naga ritualists
  7 swamp dragons
  An obsidian statue (Snake:4)
  A lindwurm (Lair:6)
  3 orc knights
  9 deep elf zephyrmancers (Elf:1)
  A wizard (Vaults:1)
  A bunyip skeleton (Swamp:2)
  3 deep elf archers (Elf:1)
  7 deep elf pyromancers
  3 ironbound convokers (Vaults:1)
  2 wolf spiders
  9 mana vipers
  20 ugly things
  10 salamanders
  An orc sorcerer (D:11)
  8 cyclopes
  10 manticores
  9 elephants
  7 will-o-the-wisps
  51 black mambas
  An orange demon (Swamp:4)
  10 guardian serpents
  A vault sentinel (Vaults:1)
  11 cane toads
  14 naga magi
  6 torpor snails
  3 gargoyles
  6 komodo dragons
  An efreet (D:13)
  An unseen horror (D:12)
  A rime drake (Lair:5)
  5 freezing wraiths
  7 yaktaurs
  A troll (shapeshifter) (D:14)
  2 meliai (D:14)
  A polar bear (Lair:3)
  14 tyrant leeches
  11 hornets
  14 slime creatures
  13 trolls
  5 blink frogs (Lair:1)
  5 dream sheep
  A meliai zombie (D:11)
  A centaur simulacrum (D:14)
  2 water elementals (Elf:1)
  7 shadows
  A vampire (D:13)
  71 yaks
  2 redbacks (Lair:6)
  A spriggan (shapeshifter) (Elf:1)
  3 spriggans
  6 wraiths
  2 air elementals (Elf:1)
  10 basilisks
  12 wyverns
  A fire elemental (Elf:1)
  15 vampire mosquitoes
  Menkaure (D:6)
  2 steam dragons
  41 nagas
  15 swamp worms
  26 water moccasins
  2 acid dragons
  18 orc warriors
  A sky beast (D:7)
  2 ice beasts
  26 ogres
  A swamp dragon skeleton (Swamp:2)
  9 wolves
  18 centaurs
  2 gnoll sergeants
  A kobold brigand (D:8)
  14 bullfrogs
  5 scorpions
  A water moccasin zombie (D:5)
  2 wyvern skeletons
  A hornet simulacrum (D:15)
  A water moccasin skeleton (D:6)
  A killer bee (D:8)
  6 howler monkeys
  2 centaur zombies (D:9)
  3 hounds
  17 orc priests
  2 jellies (D:6)
  A centaur skeleton (D:6)
  2 bullfrog skeletons
  24 orc wizards
  3 iguanas
  A scorpion zombie (D:5)
  A hound zombie (D:5)
  4 mummies (Ossuary)
  2 howler monkey zombies
  6 gnolls
  7 adders
  An ufetubus (D:5)
  An adder skeleton (D:5)
  A worm (D:2)
  A dart slug (D:3)
  68 orcs
  6 endoplasms
  4 giant cockroaches
  4 gnoll zombies (Ossuary)
  7 goblins
  7 hobgoblins
  4 jackals (D:2)
  A quokka (D:3)
  9 ball pythons
  A bat (D:1)
  3 frilled lizards
  2 gnoll skeletons (Ossuary)
  3 goblin skeletons (Ossuary)
  3 goblin zombies (Ossuary)
  5 hobgoblin skeletons (Ossuary)
  5 hobgoblin zombies (Ossuary)
  7 kobolds
  4 kobold skeletons (Ossuary)
  5 kobold zombies (Ossuary)
  4 orc skeletons (Ossuary)
  5 orc zombies (Ossuary)
  8 rats
  7 rat skeletons (Ossuary)
  3 rat zombies (Ossuary)
1060 creatures vanquished.

Vanquished Creatures (collateral kills)
  A stone giant (Vaults:1)
  2 naga warriors
  An ogre mage (D:15)
  A centaur warrior (Vaults:1)
  A two-headed ogre (Orc:2)
  A deep troll (Vaults:1)
  A cyclops (D:12)
  2 naga magi (Snake:2)
  A yaktaur (Vaults:1)
  A slime creature (Swamp:4)
  A basilisk (Lair:3)
  A water moccasin (Lair:6)
  An orc warrior (Orc:2)
  An ogre (Orc:2)
  An orc priest (Orc:2)
  2 orcs (Orc:2)
19 creatures vanquished.

Vanquished Creatures (others)
  the Lernaean hydra (Swamp:4)
  Jorgrun (Elf:1)
  A vault warden (Vaults:1)
  A very ugly thing (D:12)
  A great orb of eyes (Swamp:4)
  A peacekeeper (Vaults:1)
  A glowing orange brain (D:12)
  An ironbound convoker (Vaults:1)
  A wizard (Vaults:1)
  A deep elf pyromancer (Elf:1)
  7 ugly things
  2 deep elf zephyrmancers (Elf:1)
  A vault sentinel (Vaults:1)
  A yaktaur (Vaults:1)
  2 bloated husks
  A slime creature (Swamp:4)
  A spatial vortex (Vaults:1)
  A centaur (D:15)
  3 orcs
  14 foxfires
  44 fungi
  90 plants
  10 starspawn tentacles
187 creatures vanquished.

Grand Total: 1266 creatures vanquished

Notes
Turn   | Place    | Note
-------+----------+-------------------------------------------
     0 | Abyss:1  | VictoriousLee the Demonspawn Abyssal Knight began the quest
                  | for the Orb.
     0 | Abyss:1  | Reached XP level 1. HP: 18/18 MP: 2/2
    43 | Abyss:1  | Noticed a crimson imp
    43 | Abyss:1  | Noticed a crimson imp
    43 | Abyss:1  | Noticed a crimson imp
    44 | D:1      | Escaped the Abyss
   709 | D:1      | Gained mutation: You are partially covered in slimy green
                  | scales. (AC +2) [demonic ancestry]
   709 | D:1      | Reached XP level 2. HP: 22/24 MP: 3/3
  1288 | D:2      | Found a faded altar of an unknown god.
  1307 | D:2      | Reached * piety under Lugonu
  1437 | D:2      | Gained mutation: You have sharp fingernails. [demonic
                  | ancestry]
  1437 | D:2      | Reached XP level 3. HP: 29/29 MP: 4/4
  2299 | D:3      | Gained mutation: You have very sharp fingernails. [demonic
                  | ancestry]
  2299 | D:3      | Reached XP level 4. HP: 18/35 MP: 5/5
  2457 | D:3      | Found an iron altar of Okawaru.
  2620 | D:3      | Gained mutation: You regenerate magic rapidly. [demonic
                  | ancestry]
  2620 | D:3      | Reached XP level 5. HP: 36/41 MP: 6/6
  2934 | D:3      | Reached ** piety under Lugonu
  2957 | D:3      | Reached skill level 5 in Long Blades
  3338 | D:4      | Noticed a phantom
  3746 | D:4      | Learned a level 1 spell: Animate Skeleton
  3952 | D:4      | Reached XP level 6. HP: 47/47 MP: 7/7
  4021 | D:4      | Identified the +9 falchion of the Unseen Realm {vorpal,
                  | *Noise rCorr Int+4 Dex+3}
  4087 | D:4      | Reached skill level 1 in Necromancy
  4372 | D:5      | Entered Level 5 of the Dungeon
  4372 | D:5      | Found Neurghas's Antique Armour Boutique.
  4386 | D:5      | Noticed an acid dragon
  4532 | D:5      | Reached XP level 7. HP: 49/52 MP: 9/9
  4965 | D:5      | Reached skill level 5 in Invocations
  5010 | D:5      | Found Fiptitunn's Fabulous Fripperies.
  5062 | D:5      | Noticed a shadow
  5079 | D:5      | Killed a shadow
  5080 | D:5      | Gained mutation: You are mostly covered in slimy green
                  | scales. (AC +3) [demonic ancestry]
  5080 | D:5      | Reached XP level 8. HP: 47/58 MP: 11/11
  5568 | D:5      | Identified the +6 hand axe of Chaos {vorpal, Will+}
  6039 | D:5      | Bought a spiked ring mail for 252 gold pieces
  6039 | D:5      | Identified the +4 ring mail of the Manifold Olives {Int-2
                  | Dex+6} (You bought it in a shop on level 5 of the Dungeon)
  6227 | D:6      | Noticed Menkaure
  6230 | D:6      | Reached *** piety under Lugonu
  6231 | D:6      | Killed Menkaure
  6232 | D:6      | Reached skill level 10 in Long Blades
  6237 | D:6      | Identified the +1 chain mail of Parts Unknown {Regen+}
  6429 | D:6      | Identified the +8 long sword of Blood {freeze, Contam rF+
                  | rC+ Stlth+}
  6521 | D:6      | Gained mutation: When hurt, damage is shared between your
                  | health and your magic reserves. [demonic ancestry]
  6521 | D:6      | Reached XP level 9. HP: 56/63 MP: 12/12
  6817 | D:7      | Found a staircase to the Ecumenical Temple.
  6874 | Temple   | Entered the Ecumenical Temple
  7148 | D:7      | Found a shimmering blue altar of Sif Muna.
  7165 | D:7      | Identified the +5 ring mail of the Mackerel {Dex+4}
  7387 | D:7      | Identified a scroll of acquirement
  7388 | D:7      | Acquired the +3 buckler of Pragmatism {Harm Drain rElec
                  | rN+}
  7545 | D:7      | Found an ornate altar of the Wu Jian Council.
  7565 | D:7      | You fall into a shaft and drop 3 floors!
  7565 | D:10     | Entered Level 10 of the Dungeon
  7602 | D:8      | Found a snail-covered altar of Cheibriados.
  7655 | D:8      | Found a blossoming altar of Fedhas.
  7712 | D:8      | Found a sand-covered staircase.
  7717 | Ossuary  | Entered an ossuary
  7853 | Ossuary  | Reached **** piety under Lugonu
  8295 | D:7      | Noticed a two-headed ogre
  8306 | D:7      | Killed a two-headed ogre
  9160 | D:8      | Gained mutation: You have claws for hands. [demonic
                  | ancestry]
  9160 | D:8      | Reached XP level 10. HP: 70/70 MP: 14/16
  9164 | D:8      | Reached ***** piety under Lugonu
  9484 | D:8      | Found a staircase to the Lair.
  9726 | D:9      | Reached skill level 1 in Spellcasting
 10065 | D:9      | Noticed a manticore
 10079 | D:9      | Killed a manticore
 10210 | D:9      | Found a stormy altar of Qazlal.
 10401 | D:9      | Found a bloodstained altar of Trog.
 10413 | D:9      | Found a shimmering altar of Xom.
 10769 | D:9      | Found an ancient bone altar of Kikubaaqudgha.
 10769 | D:9      | Found a burning altar of Makhleb.
 11046 | D:10     | Reached skill level 1 in Shields
 11046 | D:10     | Gained mutation: When low on magic, you restore magic in
                  | place of health. [demonic ancestry]
 11046 | D:10     | Reached XP level 11. HP: 69/75 MP: 15/17
 11101 | D:10     | You fall into a shaft and drop 1 floor!
 11126 | D:11     | Noticed a seven-headed hydra
 11657 | D:10     | Paralysed by a hornet for 1 turns
 12150 | D:10     | Acquired a +0 vorpal double sword
 12157 | D:10     | Acquired 1163 gold pieces
 12209 | Lair:1   | Entered Level 1 of the Lair of Beasts
 12748 | Lair:1   | Reached skill level 5 in Fighting
 13448 | Lair:2   | Noticed Sonja
 13469 | Lair:2   | Killed Sonja
 15134 | D:5      | Bought a glowing scarf for 224 gold pieces
 15144 | D:5      | Bought a pair of boots for 126 gold pieces
 15289 | Lair:3   | Gained mutation: A weak demonic guardian rushes to your
                  | aid. [demonic ancestry]
 15289 | Lair:3   | Reached XP level 12. HP: 76/92 MP: 15/18
 15660 | Lair:3   | Noticed a death yak
 16314 | Lair:3   | Reached skill level 10 in Invocations
 16397 | Lair:3   | Found a staircase to the Snake Pit.
 16514 | Lair:3   | Found a staircase to the Swamp.
 16621 | Lair:3   | Killed a death yak
 17050 | Lair:4   | Reached skill level 10 in Fighting
 17052 | Lair:4   | Learned a level 1 spell: Shock
 17120 | Lair:4   | Reached skill level 1 in Air Magic
 17259 | Lair:4   | Noticed an eight-headed hydra
 17278 | Lair:4   | Noticed an eight-headed hydra
 17282 | Lair:4   | Banished an eight-headed hydra
 17359 | Lair:4   | Gained mutation: You have a pair of small antennae on your
                  | head. [mutagenic glow]
 17522 | Lair:4   | Noticed an eight-headed hydra
 17530 | Lair:4   | Killed a nine-headed hydra
 17817 | Lair:4   | Banished a nine-headed hydra
 17818 | Lair:4   | Reached skill level 5 in Spellcasting
 17818 | Lair:4   | Reached skill level 1 in Conjurations
 18413 | Lair:5   | Found a staircase to the Slime Pits.
 18414 | Lair:5   | Found a viscous altar of Jiyva.
 18429 | Lair:5   | Reached skill level 1 in Fire Magic
 18483 | Lair:5   | Gained mutation: You are completely covered in slimy green
                  | scales. (AC +4, rPois) [demonic ancestry]
 18483 | Lair:5   | Reached XP level 13. HP: 103/103 MP: 21/21
 19331 | Lair:6   | Entered Level 6 of the Lair of Beasts
 19644 | Lair:6   | Reached skill level 5 in Armour
 20064 | Lair:6   | Found a runed translucent door.
 20065 | Lair:6   | Noticed a fire dragon
 20096 | Lair:6   | Killed a fire dragon
 20611 | Lair:6   | Reached ****** piety under Lugonu
 20638 | Lair:6   | Identified the +8 chain mail of the Lotus Blossom {Harm
                  | Will++ Stlth-}
 21487 | Lair:6   | Reached XP level 14. HP: 88/110 MP: 21/23
 21968 | Swamp:1  | Entered Level 1 of the Swamp
 22427 | Swamp:1  | Reached skill level 10 in Armour
 22533 | Swamp:1  | Noticed a thorn hunter
 22919 | Swamp:1  | Killed a thorn hunter
 24259 | Temple   | Corrupted Temple
 24259 | Temple   | Noticed a starcursed mass
 24259 | Temple   | Noticed a tentacled starspawn
 24259 | Temple   | Noticed a tentacled starspawn
 24259 | Temple   | Noticed a starcursed mass
 24259 | Temple   | Noticed a tentacled starspawn
 24384 | D:9      | Corrupted D:9
 24384 | D:9      | Noticed an Executioner
 24384 | D:9      | Noticed a tentacled starspawn
 24384 | D:9      | Noticed a balrug
 24552 | D:8      | Corrupted D:8
 24552 | D:8      | Noticed a starcursed mass
 24553 | D:8      | Noticed a tentacled starspawn
 24555 | D:8      | Noticed a lich
 24630 | D:7      | Corrupted D:7
 24630 | D:7      | Noticed a lich
 24635 | D:7      | Noticed a tentacled starspawn
 25111 | D:11     | Found a staircase to the Orcish Mines.
 25437 | D:11     | Found a hazy altar of Hepliaklqana.
 25835 | Orc:1    | Entered Level 1 of the Orcish Mines
 25837 | Orc:1    | You fall into a shaft and drop 1 floor!
 25837 | Orc:2    | Entered Level 2 of the Orcish Mines
 26097 | D:11     | Reached skill level 15 in Long Blades
 27604 | Orc:2    | Found a staircase to the Elven Halls.
 28635 | Orc:2    | Found Taim's Assorted Antiques.
 28637 | Orc:2    | Found Elunet's Jewellery Boutique.
 28645 | Orc:2    | Found Hakhloysu's Antique Armour Emporium.
 28646 | Orc:2    | Found Puiwkaemp's Weapon Emporium.
 28966 | Orc:2    | Bought the amulet "Qijysyo" {Reflect Harm Dex+2 SH+5
                  | Stlth-} for 676 gold pieces
 29200 | Swamp:2  | Noticed Nikola
 29201 | Swamp:2  | Noticed a thorn hunter
 29219 | Swamp:2  | Killed a thorn hunter
 29220 | Swamp:2  | Reached XP level 15. HP: 57/117 MP: 13/24
 29848 | Swamp:2  | Reached skill level 5 in Shields
 29989 | Swamp:2  | Killed Nikola
 31475 | D:12     | Found an opulent altar of Gozag.
 32655 | D:12     | Found a runed translucent gate.
 32655 | D:12     | Found a runed translucent gate.
 32655 | D:12     | Found a runed translucent gate.
 32748 | D:12     | Corrupted D:12
 32748 | D:12     | Noticed a tentacled starspawn
 32749 | D:12     | Noticed a tentacled starspawn
 33156 | D:12     | Found a runed translucent gate.
 33160 | D:12     | Found a runed translucent gate.
 33166 | D:12     | Found a runed translucent gate.
 33166 | D:12     | Noticed Naggiasi's ghost (journeyman KoBr)
 33767 | D:13     | Reached skill level 10 in Shields
 35447 | D:14     | Reached XP level 16. HP: 94/125 MP: 11/25
 35655 | D:14     | Found a runed translucent door.
 35676 | D:14     | Found a runed translucent door.
 35733 | D:14     | Found a gate to the Vaults.
 36794 | D:14     | Identified the +3 ring mail "Gamosaw" {rCorr}
 36794 | D:14     | Noticed a storm dragon
 36966 | D:15     | Entered Level 15 of the Dungeon
 36979 | D:15     | Reached skill level 1 in Evocations
 37795 | D:15     | Found a staircase to the Depths.
 38127 | D:15     | Found a hide-covered altar of Uskayaw.
 38787 | Swamp:3  | Reached skill level 5 in Evocations
 39982 | Swamp:4  | Entered Level 4 of the Swamp
 41329 | Swamp:4  | Reached XP level 17. HP: 135/136 MP: 26/26
 41597 | Swamp:4  | Noticed the 27-headed Lernaean hydra
 42012 | Swamp:4  | Corrupted Swamp:4
 42015 | Swamp:4  | Killed the 27-headed Lernaean hydra
 42191 | Swamp:4  | Got a decaying rune of Zot
 43053 | Orc:2    | Bought a ring of protection from cold for 425 gold pieces
 43069 | Elf:1    | Entered Level 1 of the Elven Halls
 43484 | Elf:1    | Paralysed by an air elemental for 1 turns
 44410 | Elf:1    | Noticed a Hell Sentinel
 45511 | Elf:1    | Found Kompatza's Armour Shop.
 45552 | Elf:1    | Noticed Jorgrun
 45559 | Elf:1    | Reached skill level 15 in Fighting
 45591 | Elf:1    | Lost mutation: You have a pair of small antennae on your
                  | head. [potion of mutation]
 45591 | Elf:1    | Gained mutation: You have a pair of small horns on your
                  | head. [potion of mutation]
 45591 | Elf:1    | Gained mutation: You are agile. (Dex +2) [potion of
                  | mutation]
 45591 | Elf:1    | Gained mutation: You are strong-willed. (Will+) [potion of
                  | mutation]
 45615 | Elf:1    | Corrupted Elf:1
 45615 | Elf:1    | Noticed a bone dragon
 45619 | Elf:1    | Killed Jorgrun
 46273 | Snake:1  | Entered Level 1 of the Snake Pit
 46273 | Snake:1  | Found Yxze's Armour Shoppe.
 46279 | Snake:1  | Bought a +2 pair of boots of rampaging for 301 gold pieces
 46322 | Snake:1  | Noticed Louise
 46337 | Snake:1  | Killed Louise
 46421 | Snake:1  | Noticed Agnes
 46456 | Snake:1  | Killed Agnes
 46754 | Snake:1  | Noticed Aizul
 46775 | Snake:1  | Killed Aizul
 47490 | Snake:1  | Learned a level 2 spell: Passwall
 47610 | Snake:1  | Reached skill level 1 in Transmutations
 49553 | Snake:2  | Reached skill level 5 in Transmutations
 50042 | Snake:2  | Found Wehasiph's Book Shop.
 50042 | Snake:2  | Found Zuryn's Distillery.
 50043 | Snake:2  | Found Zuotas's Jewellery Boutique.
 50045 | Snake:2  | Found Guotyur's Armour Shop.
 50082 | Snake:2  | Reached XP level 18. HP: 151/151 MP: 27/27
 51061 | Snake:3  | Noticed Bai Suzhen
 51099 | Snake:3  | Killed Bai Suzhen
 52784 | Snake:4  | Entered Level 4 of the Snake Pit
 52803 | Snake:4  | Found a runed translucent gate.
 52876 | Snake:4  | Found a runed translucent gate.
 52876 | Snake:4  | Found a runed translucent gate.
 52877 | Snake:4  | Found an opulent altar of Gozag.
 52877 | Snake:4  | Noticed Kits's ghost (adept MiFi)
 52878 | Snake:4  | Found Comy's Assorted Antiques.
 53792 | Snake:4  | Found Wyeri's Book Shoppe.
 53793 | Snake:4  | Found Kimpozu's Jewellery Boutique.
 53794 | Snake:4  | Found Jahat's Book Shoppe.
 54040 | Snake:4  | Reached skill level 10 in Spellcasting
 54055 | Snake:4  | Reached skill level 1 in Summonings
 54723 | Snake:4  | Got a serpentine rune of Zot
 54847 | Snake:4  | Killed Kits's ghost
 54851 | Snake:4  | Reached skill level 5 in Conjurations
 54863 | Snake:4  | Reached skill level 5 in Summonings
 54931 | Snake:4  | Bought a fuming green potion for 32 gold pieces
 55235 | Vaults:1 | Entered Level 1 of the Vaults
 55254 | Vaults:1 | Corrupted Vaults:1
 55293 | Vaults:1 | Noticed a bone dragon
 55293 | Vaults:1 | Noticed a Hell Sentinel
 55971 | Vaults:1 | Paralysed by a sphinx for 3 turns
 56281 | Vaults:1 | Reached XP level 19. HP: 127/157 MP: 28/33
 56639 | Vaults:1 | HP: 2/157 [deep troll[an ironbound preserver] (11)]
 56640 | Vaults:1 | Mangled by a deep troll

Illustrated notes

Levels and vault maps discovered:
D:1:      heliophobic_arrival_glass_houses, layout_loops_ring, serial_forest,
          infiniplex_forest_end_3, infiniplex_forest_zigzag_2,
          infiniplex_forest_clump_small, infiniplex_forest_clump_double,
          infiniplex_forest_clump_curved, infiniplex_forest_end_2,
          infiniplex_forest_lined_room_2
D:2:      layout_basic, hellmonk_ecumenical_altar_run_dry,
          chequers_serial_rivers_micro_e
D:3:      layout_loops_cross, mainiacjoe_overflow_small_starburst,
          minmay_bisected
D:4:      layout_loops_ring, kennysheep_generic_room_4
D:5:      kennysheep_big_flooded_room, layout_layer_cave, serial_shops,
          nicolae_stop_n_shop_2, chequers_hall_statues_y,
          nicolae_alphabet_shops, minivault_24, st_stairs_5
D:6:      layout_rooms, uniq_menkaure
D:7:      layout_loops_corners, general_overflow_altar,
          mainiacjoe_overflow_concentric_impassable,
          minmay_temple_entry_junction_2, minivault_24, minmay_misc_feat_tower,
          kennysheep_another_room
D:8:      layout_basic, kennysheep_little_box, overflow_temple_1_default,
          minmay_lair_entry_grove, enter_ossuary_5
D:9:      layout_roguey, gammafunk_temple_overflow_elements,
          jmf_multi_god_temple, chequers_temple_overflow_statue_of_worship,
          hangedman_abyss_or_decor_clamps
D:10:     layout_gridville
D:11:     layout_loops_ring, minmay_orc_entry_temple_small,
          eino_small_chamber_without_monster, nicolae_hepliaklqana_hippocampus
D:12:     minmay_triangles_in_corner, layout_long_grid,
          ploomutoo_gammafunk_ghost_potion_laboratory,
          nicolae_gozag_cash_rules_everything_around_me
D:13:     layout_basic, grunt_tough_drop
D:14:     minmay_expanding_circles, layout_gridville, david_vaults_2
D:15:     grunt_enter_depths_snipers, layout_basic, roderic_roman_lattice,
          nicolae_uskayaw_en_pointe
Temple:   jpeg_temple_clearing
Lair:1:   layout_misc_corridors, grunt_megastairs_5, infiniplex_staircase_pool_2
Lair:2:   layout_long_grid, uniq_sonja
Lair:3:   layout_regular_city, swamp_mist, minmay_snake_entry_guardpost_small,
          basic_altar, nzn_random_ring
Lair:4:   layout_roguey
Lair:5:   layout_roguey, slime_altar_1, serial_bayou_ford_a
Lair:6:   hangedman_lair_tendril_chambers, layout_loops_ring, wormcave
Swamp:1:  layout_basic_swamp, nicolae_swamp_oxbows, swamp_pool3
Swamp:2:  layout_basic_swamp, evilmike_swamp_ruin_house_4, beargit_kiku_chapel,
          uniq_nikola
Swamp:3:  layout_basic_swamp, serial_swamp_ruin, evilmike_swamp_ruin_house_3,
          evilmike_swamp_ruin_house_2, nzn_swamp_dancing_lights
Swamp:4:  swamp_vile, layout_basic_swamp
Snake:1:  layout_gridlike, serial_shops, shop, uniq_aizul, uniq_agnes,
          uniq_louise
Snake:2:  layout_gridlike, guppyfry_library_mini, lemuel_fruit_tree,
          minmay_shoptagon
Snake:3:  nicolae_snakescales, layout_gridlike, serial_bayou_pond_e,
          uniq_bai_suzhen
Snake:4:  grunt_snake_rune_serpentine_throne, layout_rooms, ebering_ghost_gozag,
          minmay_shop_grove
Orc:1:    layout_caves
Orc:2:    st_orc_open, layout_caves
Elf:1:    minmay_slanted_spiral_squares, layout_geoelf_diagonals, serial_shops,
          nicolae_shop_trees, hangedman_elf_represent, drop_trap,
          small_statue_intersection, item_on_display_a, uniq_jorgrun
Vaults:1: st_octagons_2, v_misc_15, grunt_vaults_hallway_long, v_misc_10,
          vaults_room_fancy_cross, ontoclasm_vaults_claustrophobia,
          nicolae_vaults_what_the_h, vaults_dpeg_ring, hangedman_vaults_pinch,
          v_misc_27, v_pattern_5, v_misc_23, layout_vaults_maze_snakey

Skill      XL: |  1  2  3  4  5  6  7  8  9 10 11 12 13 14 15 16 17 18 19 |
---------------+----------------------------------------------------------+-----
Long Blades    | 2 3 4 5 6 8 10 11 13 14 16 | 16.0
Necromancy     | 2 |  2.0
Invocations    | 3 5 8 9 10 12 | 12.0
Spellcasting   | 1 3 5 10 | 10.0
Shields        | 1 3 11 12 | 12.0
Fighting       | 7 10 11 13 16 | 16.0
Armour         | 4 9 10 | 10.0
Air Magic      | 3 |  3.3
Conjurations   | 3 4 6 7 |  7.6
Fire Magic     | 1 2 |  2.4
Evocations     | 8 |  8.0
Transmutations | 5 7 |  7.0
Summonings     | 5 7 |  7.5
Dodging        | |  0.8

Action                   |  1- 3 |  4- 6 |  7- 9 | 10-12 | 13-15 | 16-18 | 19-21 || total
-------------------------+-------+-------+-------+-------+-------+-------+-------++-------
Melee: Dagger            |   113 |   143 |       |       |       |       |       ||   256
       Falchion          |     7 |    31 |   249 |   232 |     7 |    41 |       ||   567
       Long sword        |       |       |     3 |   356 |       |       |       ||   359
       Double sword      |       |       |       |    40 |  1123 |  1366 |    72 ||  2601
       Headbutt          |       |       |       |       |       |   166 |    18 ||   184
 Fire: Hunting sling     |       |     3 |       |       |       |       |       ||     3
Throw: Dart              |     5 |     3 |    20 |       |       |       |       ||    28
 Cast: Animate Skeleton  |       |     1 |       |       |       |     1 |       ||     2
       Passwall          |       |       |       |       |       |     3 |       ||     3
Invok: Depart the Abyss  |     1 |       |       |       |       |       |       ||     1
       Bend Space        |       |       |       |     1 |     4 |    15 |       ||    20
       Banish            |       |       |       |     5 |    12 |    18 |     2 ||    37
       Corrupt           |       |       |       |       |     5 |     3 |       ||     8
Evoke: Wand              |       |       |     5 |    22 |    35 |    16 |     2 ||    80
       Lightning rod     |       |       |       |       |       |     7 |     1 ||     8
       Phantom mirror    |       |       |       |       |       |     1 |       ||     1
  Use: Scroll            |     3 |     6 |    10 |    20 |     9 |    20 |     1 ||    69
       Potion            |     1 |     1 |     3 |     3 |     3 |    12 |     1 ||    24
 Stab: Sleeping          |       |       |       |     2 |       |       |       ||     2
       Distracted        |       |       |       |       |     1 |       |       ||     1
       Paralysed         |       |       |       |       |       |     2 |       ||     2
Armor: Leather armour    |     9 |     2 |       |       |       |       |       ||    11
       Ring mail         |    10 |    17 |    43 |   156 |    41 |       |       ||   267
       Scale mail        |       |    27 |     4 |       |       |       |       ||    31
       Acid dragon scale |       |       |    11 |       |       |       |       ||    11
       Chain mail        |       |       |       |       |   422 |   459 |       ||   881
       Skin              |       |       |       |       |       |     4 |       ||     4
       Fire dragon scale |       |       |       |       |       |    46 |    29 ||    75
Dodge: Dodged            |    50 |    46 |    68 |   133 |   236 |   227 |    13 ||   773
Block: Other             |    18 |    26 |    17 |       |       |       |       ||    61
       Reflection        |       |       |     8 |     8 |    38 |   119 |    18 ||   191
       Buckler           |       |       |    44 |   255 |   415 |       |       ||   714
       Kite shield       |       |       |       |       |   252 |   914 |    48 ||  1214
       Rpst.: Falchion   |       |     3 |    18 |    15 |       |     2 |       ||    38
       Long sword        |       |       |       |    15 |       |       |       ||    15
       Double sword      |       |       |       |     3 |    53 |    43 |     3 ||   102
